 Seeded DCSS version 0.32-a0-898-g7811c86cf0 (webtiles) character file.

Game seed: 202404043 (custom seed)

17991 Orlauf the Cruncher (level 12, 0/95 HPs)
             Began as a Demonspawn Gladiator on Apr 4, 2024.
             Was an Elder of Qazlal.
             Slain by a two-headed ogre
             ... wielding a +0 giant spiked club
              (10 damage)
             ... on level 12 of the Dungeon.
             The game lasted 00:22:41 (12873 turns).

Orlauf the Cruncher (Demonspawn Gladiator)         Turns: 12873, Time: 00:22:42

Health: 0/95       AC: 15    Str: 18    XL:     12   Next: 23%
Magic:  0/21       EV: 10    Int: 12    God:    Qazlal [****..]
Gold:   1096       SH:  5    Dex: 15    Spells: 11/11 levels left

rFire   . . .        a - +1 quarterstaff (venom)
rCold   . . .        (shield currently unavailable)
rNeg    . . .        n - +0 plate armour
rPois   .            c - +0 helmet
rElec   .            (no cloak)
rCorr   +            (gloves unavailable)
SInv    .            p - +0 pair of boots
Will    +....        w - amulet of guardian spirit Stlth
                     m - ring of resist corrosion
HPRegen 0.35/turn    r - ring of willpower
MPRegen 0.17/turn

%: repel missiles, guardian spirit
@: mighty, agile, studying Shields
A: claws 3, powered by pain 1, big brain 1, demonic magic 1
a: Renounce Religion, Upheaval, Elemental Force


You were on level 12 of the Dungeon.
You worshipped Qazlal.
Qazlal was greatly pleased with you.
You visited 2 branches of the dungeon, and saw 13 of its levels.

You collected 1096 gold pieces.

Inventory:

Hand Weapons
 a - a +1 quarterstaff of venom (weapon)
Missiles
 d - a throwing net
 e - 8 javelins
 g - 2 datura-tipped darts
 v - 49 poisoned darts
Armour
 c - a +0 helmet (worn)
 n - a +0 plate armour (worn)
 p - a +0 pair of boots (worn)
 y - a +2 ring mail of cold resistance
Jewellery
 b - a ring of wizardry
 m - a ring of resist corrosion (left claw)
 r - a ring of willpower (right claw)
 w - an amulet of guardian spirit (around neck)
 E - a +6 ring of dexterity
 F - a ring of magical power
 H - an amulet of faith
Wands
 f - a wand of polymorph (8)
 h - a wand of mindburst (6) (quivered)
 A - a wand of flame (21)
 B - a wand of roots (1)
Scrolls
 i - 3 scrolls of teleportation
 k - a scroll of silence
 s - a scroll of amnesia
 u - 2 scrolls of immolation
 D - 2 scrolls of brand weapon
Potions
 j - a potion of cancellation
 l - 2 potions of invisibility
 o - 2 potions of mutation
 t - a potion of lignification
 x - a potion of brilliance
 C - a potion of berserk rage


   Skills:
 - Level 9.1 Fighting
 * Level 12.8 Staves
 - Level 1.7 Throwing
 + Level 7.3 Armour
 - Level 2.6 Dodging
 - Level 0.1 Shields
 + Level 12.0 Invocations


You had 11 spell levels left.
You didn't know any spells.
Your spell library contained the following spells:

 Spells                   Type           Power      Damage    Failure   Level
 Cigotuvi's Dreadful Rot  Necr/Alch/Air  0%         N/A       100%        2
 Hailstorm                Conj/Ice       0%         3d5       100%        3
 Passwall                 Erth           0%         N/A       100%        3
 Summon Ice Beast         Ice/Summ       0%         N/A       100%        3
 Volatile Blastmotes      Fire/Tloc      0%         2d10      100%        3
 Ignite Poison            Fire/Alch      0%         N/A       100%        4
 Vhi's Electric Charge    Tloc/Air       0%         N/A       100%        4
 Freezing Cloud           Conj/Ice/Air   0%         6-21      100%        5
 Bombard                  Conj/Erth      0%         9d1       100%        6
 Permafrost Eruption      Ice/Erth       0%         2x4d1     100%        6
 Sculpt Simulacrum        Ice/Alch       0%         N/A       100%        6


Dungeon Overview and Level Annotations

Branches:
Dungeon (12/15)            Temple (1/1) D:4            Lair (0/5) D:10
    Orc: D:9-12

Altars:
Ashenzari
Cheibriados
Dithmenos
Fedhas
Gozag
Hepliaklqana
Kikubaaqudgha
Makhleb
Nemelex Xobeh
Okawaru
Qazlal
Ru
Sif Muna
Trog
Uskayaw
Vehumet
Wu Jian
Xom
Yredelemnul

Shops:
D:7 :   D:9 (

Annotations:
D:12 1 runed translucent door


Innate Abilities, Weirdness & Mutations

You have claws for hands.
You sometimes gain a little power by taking damage.
You have an unusually large brain. (Int +2)
Spells you cast may paralyse adjacent enemies.


Message History

You are too injured to fight recklessly!
You are too injured to fight recklessly!
You are too injured to fight recklessly!
You are too injured to fight recklessly!
You are too injured to fight recklessly!
You are too injured to fight recklessly!
You are too injured to fight recklessly!
You are too injured to fight recklessly!
You are too injured to fight recklessly!
You are too injured to fight recklessly!
You are too injured to fight recklessly!
You are too injured to fight recklessly!
You are too injured to fight recklessly!
You are too injured to fight recklessly!
You are too injured to fight recklessly!
You completely miss the gargoyle.
The gargoyle is heavily damaged.
You hit the gargoyle.
The gargoyle is heavily damaged.
The gargoyle hits you with a +0 mace!
* * * LOW HITPOINT WARNING * * *
You focus on the pain.
You feel agile all of a sudden.
You closely miss the gargoyle.
The gargoyle is heavily damaged.
The gargoyle hits you but does no damage.
Unknown command.
You thump the gargoyle!
The gargoyle is almost destroyed.
You sock the gargoyle!
You destroy the gargoyle!
Qazlal accepts your kill.
Your Invocations skill increases to level 12!
You bludgeon the two-headed ogre!!
The two-headed ogre looks as sick as possible!
The two-headed ogre is moderately wounded.
The two-headed ogre hits you with a +0 giant spiked club!
* * * LOW HITPOINT WARNING * * *
The two-headed ogre hits you with a +0 giant club!
You die...

#.....# #......
#####.#########......
...#........##......
#.###.#.######.##......
#.......# +......
#####.### #...... #.##
#...... #..# ##@# #O#
#######W### #......{T.#
#.........# #.........#
#.........# #.........#
#.........#


You could see a two-headed ogre (extremely poisoned), a troll and a wraith.

Vanquished Creatures
  Gastronok (D:12)
  A two-headed ogre (D:10)
  3 boulder beetles
  Urug (D:12)
  Lodul (D:12)
  An orc sorcerer (D:12)
  An orc knight (D:12)
  A salamander (D:12)
  A cyclops (D:12)
  A gargoyle (D:12)
  4 trolls
  A hornet (D:9)
  Grinder (D:3)
  5 slime creatures (D:12)
  4 shadows
  A vampire (D:11)
  2 wraiths
  2 wyverns
  Grum (D:11)
  22 yaks
  Eustachio (D:6)
  A basilisk (D:12)
  A steam dragon (D:9)
  A warg (D:12)
  3 vampire mosquitoes (D:12)
  An acid dragon (D:12)
  A water moccasin (D:8)
  2 sky beasts
  3 ice beasts
  2 orc warriors
  7 ogres
  2 wolves (D:11)
  A centaur (D:5)
  A phantom (D:5)
  5 kobold brigands
  3 bullfrogs
  A gnoll sergeant (D:9)
  3 scorpions
  3 wights (D:8)
  7 killer bees (D:10)
  7 howler monkeys
  3 hounds
  4 orc priests
  2 jellies
  A gnoll bouda (D:6)
  5 sleepcaps
  Jessica (D:2)
  2 iguanas
  Ijyb (D:3)
  7 orc wizards
  4 adders
  14 gnolls
  2 white imps
  2 ufetubi (D:5)
  A ribbon worm (D:5)
  3 dart slugs
  19 orcs
  7 ball pythons
  9 endoplasms
  4 giant cockroaches
  6 goblins
  6 hobgoblins
  7 jackals (D:1)
  3 quokkas
  8 bats
  2 frilled lizards
  31 kobolds
  12 rats
277 creatures vanquished.

Notes
Turn   | Place    | Note
-------+----------+-------------------------------------------
     0 | D:1      | Orlauf the Demonspawn Gladiator began the quest for the
                  | Orb.
     0 | D:1      | Reached XP level 1. HP: 16/16 MP: 1/1
   211 | D:1      | Gained mutation: Spells you cast may paralyse adjacent
                  | enemies. [demonic ancestry]
   211 | D:1      | Reached XP level 2. HP: 22/22 MP: 2/2
   673 | D:2      | Gained mutation: You have sharp fingernails. [demonic
                  | ancestry]
   673 | D:2      | Reached XP level 3. HP: 27/28 MP: 3/3
   697 | D:2      | Identified the +0 robe "Esiug" {*Slow rN+ Will+ rCorr}
   898 | D:2      | Reached XP level 4. HP: 35/35 MP: 4/4
   914 | D:2      | Noticed Jessica
   919 | D:2      | Killed Jessica
  1879 | D:3      | Reached XP level 5. HP: 41/41 MP: 5/5
  2140 | D:3      | Noticed Grinder
  2141 | D:3      | Paralysed by Grinder for 5 turns
  2161 | D:3      | Killed Grinder
  2162 | D:3      | Reached skill level 5 in Staves
  2162 | D:3      | Reached XP level 6. HP: 16/48 MP: 6/6
  2554 | D:4      | Noticed Ijyb
  2566 | D:3      | Killed Ijyb
  2929 | D:4      | Gained mutation: You sometimes gain a little power by
                  | taking damage. [demonic ancestry]
  2929 | D:4      | Reached XP level 7. HP: 55/55 MP: 7/7
  3143 | D:4      | Found a staircase to the Ecumenical Temple.
  3150 | Temple   | Entered the Ecumenical Temple
  3178 | Temple   | Became a worshipper of Qazlal Stormbringer
  3580 | D:5      | Entered Level 5 of the Dungeon
  3602 | D:5      | Reached skill level 5 in Fighting
  3602 | D:5      | Reached skill level 1 in Invocations
  4289 | D:5      | Gained mutation: You have an unusually large brain. (Int
                  | +2) [demonic ancestry]
  4289 | D:5      | Reached XP level 8. HP: 23/64 MP: 10/10
  4993 | D:6      | Reached * piety under Qazlal
  5174 | D:6      | Noticed Edmund
  5175 | D:6      | Edmund changed into Edmund the iguana
  5175 | D:6      | Noticed Edmund
  5182 | D:6      | Killed Edmund the iguana
  5301 | D:6      | Noticed Eustachio
  5336 | D:6      | Killed Eustachio
  5337 | D:6      | Reached skill level 5 in Invocations
  5850 | D:6      | Identified the +2 leather armour of the Elephant {Slay+5}
  6322 | D:7      | Gained mutation: You have very sharp fingernails. [demonic
                  | ancestry]
  6322 | D:7      | Reached XP level 9. HP: 50/74 MP: 13/13
  6547 | D:7      | Found Nepnodd's Book Shop.
  7026 | D:8      | Noticed a lindwurm
  7026 | D:8      | Noticed a lindwurm
  7119 | D:8      | Reached skill level 1 in Armour
  7376 | D:8      | Found a shimmering blue altar of Sif Muna.
  7453 | D:8      | Reached ** piety under Qazlal
  8012 | D:9      | Paralysed by a hornet for 1 turns
  8015 | D:9      | Paralysed by a hornet for 2 turns
  8274 | D:9      | Found Haugh's Antique Weapon Emporium.
  8346 | D:9      | You fall into a shaft and drop 2 floors!
  8402 | D:11     | Gained mutation: You have claws for hands. [demonic
                  | ancestry]
  8402 | D:11     | Reached XP level 10. HP: 78/83 MP: 15/15
  8631 | D:10     | Entered Level 10 of the Dungeon
  8720 | D:10     | Found a staircase to the Lair.
  9107 | D:9      | HP: 2/83 [poisoned by a gnoll sergeant]
  9372 | D:9      | HP: 4/83 [yak (3)]
  9380 | D:9      | HP: 3/83 [yak (3)]
  9396 | D:9      | Reached skill level 10 in Staves
  9435 | D:9      | Reached *** piety under Qazlal
  9675 | D:9      | Found a blossoming altar of Fedhas.
  9878 | D:9      | Found an iron altar of Okawaru.
 10246 | D:10     | Noticed a two-headed ogre
 10267 | D:10     | Killed a two-headed ogre
 10268 | D:10     | Reached skill level 5 in Armour
 10268 | D:10     | Reached XP level 11. HP: 82/89 MP: 16/18
 10605 | D:11     | Reached skill level 10 in Invocations
 10735 | D:11     | Noticed a boulder beetle
 10742 | D:11     | Noticed a boulder beetle
 10756 | D:11     | Killed a boulder beetle
 10761 | D:11     | Killed a boulder beetle
 10880 | D:11     | Noticed Grum
 10892 | D:11     | Killed Grum
 11407 | D:12     | Noticed a skyshark
 11407 | D:12     | Noticed a skyshark
 11408 | D:12     | Found the +2 pair of slick slippers {slick, slippery, EV+4}
 11422 | D:12     | Noticed a boulder beetle
 11440 | D:12     | Killed a boulder beetle
 11622 | D:12     | Noticed Gastronok
 11636 | D:12     | Killed Gastronok
 11983 | D:12     | Noticed a two-headed ogre
 11987 | D:12     | a two-headed ogre changed into a salamander
 12009 | D:12     | Reached **** piety under Qazlal
 12157 | D:12     | Found a runed translucent door.
 12175 | D:12     | Noticed Lodul
 12175 | D:12     | Noticed Urug
 12175 | D:12     | Noticed an orc sorcerer
 12175 | D:12     | Noticed an orc knight
 12177 | D:12     | HP: 3/89 [Lodul/bolt of lightning (24)]
 12177 | D:12     | Killed an orc knight
 12178 | D:12     | Reached XP level 12. HP: 3/95 MP: 9/20
 12467 | D:12     | Noticed an anaconda
 12468 | D:12     | Noticed an anaconda
 12468 | D:12     | Noticed an anaconda
 12478 | D:12     | Killed Lodul
 12495 | D:12     | HP: 3/95 [Urug/javelin (6)]
 12496 | D:12     | Killed Urug
 12841 | D:12     | Noticed a two-headed ogre
 12873 | D:12     | Slain by a two-headed ogre

Illustrated notes

Levels and vault maps discovered:
D:1:      kennysheep_arrival_seaside, layout_rooms, serial_park_tiny_pond
D:2:      layout_basic, uniq_jessica
D:3:      layout_loops_ring, ebering_dispersal_statue_hall,
          hangedman_decor_riveting, nicolae_figureground_pulse, uniq_grinder
D:4:      layout_cave_pools, minmay_temple_entry_enclosed_plants, uniq_ijyb
D:5:      layout_basic, abandoned_shop
D:6:      layout_layer_cave, nrook_mini_vaults, uniq_edmund, uniq_eustachio
D:7:      layout_basic, serial_shops, shop
D:8:      layout_basic, amcnicky_altar_gilded, minmay_door_square,
          minmay_lindwurm_lava
D:9:      layout_rooms, mainiacjoe_overflow_two_lobes,
          mainiacjoe_overflow_chevrons, serial_shops, shop
D:10:     layout_loops_ring, dpeg_oklobed_lair, serial_rivers,
          chequers_serial_rivers_micro_b, chequers_serial_rivers_micro_b,
          chequers_serial_rivers_micro_d, chequers_serial_rivers_micro_a
D:11:     layout_rooms, nicolae_straight_to_the_point, uniq_grum
D:12:     layout_roguey, orc_0_dummy, nicolae_guarded_unrand_slippers,
          uniq_lodul, uniq_urug, uniq_gastronok
Temple:   mainiacjoe_temple_bowtie_tessellation

Skill      XL: |  1  2  3  4  5  6  7  8  9 10 11 12 |
---------------+-------------------------------------+-----
Staves         | 3 4 5 6 7 8 10 12 | 12.8
Fighting       | 3 4 6 8 9 |  9.1
Invocations    | 3 5 7 9 11 12 | 12.0
Armour         | 2 5 6 7 |  7.3
Throwing       | |  1.7
Dodging        | |  2.6
Shields        | |  0.1

Action                     |  1- 3 |  4- 6 |  7- 9 | 10-12 || total
---------------------------+-------+-------+-------+-------++-------
  Melee: Quarterstaff      |    85 |   149 |   400 |   420 ||  1054
  Throw: Throwing net      |       |       |     4 |     2 ||     6
         Javelin           |       |       |     1 |       ||     1
         Dart              |       |       |       |    17 ||    17
 Invoke: Upheaval          |       |       |       |     1 ||     1
  Evoke: Wand              |       |       |    12 |    47 ||    59
    Use: Scroll            |       |    12 |     7 |     7 ||    26
         Potion            |       |     1 |     2 |     7 ||    10
   Stab: Held in net/web   |       |       |     1 |       ||     1
 Armour: Leather armour    |    42 |     1 |       |       ||    43
         Ring mail         |       |    97 |   300 |   117 ||   514
         Plate armour      |       |       |       |   196 ||   196
  Dodge: Dodged            |    55 |    87 |   201 |   146 ||   489
         Repelled          |       |       |       |     2 ||     2
  Block: Other             |       |       |     8 |    59 ||    67

Table legend: (Time is in decaauts)
 A = Elapsed time spent in this place.
 B = Non-inter-level travel time spent in this place.
 C = Inter-level travel time spent in this place.
 D = Time resting spent in this place.
 E = Time spent auto-exploring this place.
 F = Levels seen in this place.
 G = Mean time per level.
                   A        B        C        D        E       F      G
               +--------+--------+--------+--------+--------+-----+--------+
         Total |  12788 |  12406 |    382 |   1623 |   8579 |  13 |  983.7 |
       Dungeon |  12734 |  12380 |    354 |   1623 |   8579 |  12 | 1061.2 |
        Temple |     53 |     26 |     27 |      0 |      0 |   1 |   53.0 |
               +--------+--------+--------+--------+--------+-----+--------+

Top non-repeatable levels by time:
     D:5: 1392 daAuts
    D:11: 1350 daAuts
     D:6: 1314 daAuts
     D:9: 1235 daAuts
    D:12: 1166 daAuts
     D:3: 1131 daAuts
    D:10: 1072 daAuts
     D:8: 1072 daAuts
     D:2: 893 daAuts
     D:4: 844 daAuts
     D:1: 677 daAuts
     D:7: 584 daAuts
  Temple: 53 daAuts
